 Dungeon Crawl Stone Soup version 0.31-a0-233-g139696dc86 (webtiles) character file.

Game seed: 7379650395602101542

5917 qw the Skirmisher (level 10, -2/91 HPs)
             Began as a Minotaur Hexslinger on July 9, 2023.
             Was a Follower of Okawaru.
             Killed from afar by a deep elf pyromancer (5 damage)
             ... with a bolt of fire
             ... on level 8 of the Dungeon.
             The game lasted 00:04:24 (6823 turns).

qw the Skirmisher (Minotaur Hexslinger)             Turns: 6823, Time: 00:04:25

Health: -2/91      AC: 11    Str: 14    XL:     10   Next: 53%
Magic:  21/21      EV: 15    Int: 10    God:    Okawaru [*.....]
Gold:   347        SH:  0    Dex: 16    Spells: 10/11 levels left

rFire   + + +        d - +0 orcbow
rCold   x . .        (shield currently unavailable)
rNeg    . . .        f - +0 ring mail
rPois   +            (helmet restricted)
rElec   +            (no cloak)
rCorr   .            a - +3 pair of gloves of Yhowus {rPois Regen+}
SInv    .            (no boots)
Will    +....        (no amulet)
Stlth   ++           h - ring of willpower
HPRegen 1.15/turn    b - ring "Miut Tusuad" {rElec rF+++ rC- MP+9}
MPRegen 0.17/turn

%: no passive effects
@: heroic
A: horns 2, retaliatory headbutt, sense surroundings 1, inability to read after
injury 1
a: Renounce Religion, Heroism


You were on level 8 of the Dungeon.
You worshipped Okawaru.
Okawaru was aware of your devotion.
You visited 2 branches of the dungeon, and saw 9 of its levels.

You collected 347 gold pieces.


Innate Abilities, Weirdness & Mutations

You have a pair of horns on your head.
You reflexively headbutt those who attack you in melee.
You passively map a small area around you.
You occasionally lose the ability to read scrolls when taking damage.


   Skills:
 - Level 9.0(14.0) Fighting
 - Level 13.0(18.0) Ranged Weapons
 - Level 5.7(10.7) Armour
 + Level 4.5(9.5) Dodging
 - Level 1.0 Spellcasting
 - Level 2.0 Hexes
 - Level 4.0 Invocations


You had 10 spell levels left.
You knew the following spells:

 Your Spells              Type           Power      Damage    Failure   Level
a - Slow                  Hex            16%        N/A       26%         1

Your spell library contained the following spells:

 Spells                   Type           Power      Damage    Failure   Level
 Inner Flame              Hex/Fire       2%         N/A       75%         3
 Portal Projectile        Hex/Tloc       4%         N/A       75%         3
 Cause Fear               Hex            2%         N/A       95%         4

Inventory:

Hand Weapons
 d - a +0 orcbow (weapon)
Armour
 a - the +3 pair of gloves of Yhowus (worn) {rPois Regen+}
   (You found it on level 2 of the Dungeon)

   rPois:     It protects you from poison.
   Regen:     It increases your rate of health regeneration.
 f - a +0 ring mail (worn)
 m - the +1 robe of the Arena {rPois rN+ Int+3}
   (You found it on level 6 of the Dungeon)

   Int:       It affects your intelligence (+3).
   rPois:     It protects you from poison.
   rN:        It protects you from negative energy.
Jewellery
 b - the ring "Miut Tusuad" (right hand) {rElec rF+++ rC- MP+9}
   (You found it on level 3 of the Dungeon)

   [ring of magical power]

   rF:        It renders you almost immune to fire.
   rC:        It makes you vulnerable to cold.
   rElec:     It insulates you from electricity.
   MP:        It affects your magic capacity (+9).
 h - a ring of willpower (left hand)
Scrolls
 g - a scroll of noise {unknown}
 k - 3 scrolls of identify
Potions
 c - a potion of might
 e - 3 potions of curing
 i - a potion of haste
 j - a potion of enlightenment

Dungeon Overview and Level Annotations

Branches:
Dungeon (8/15)             Temple (1/1) D:5
   Lair: D:8-11

Altars:
Ashenzari
Cheibriados
Dithmenos
Elyvilon
Fedhas
Gozag
Hepliaklqana
Kikubaaqudgha
Makhleb
Nemelex Xobeh
Okawaru
Qazlal
Ru
Sif Muna
Trog
Uskayaw
Vehumet
Wu Jian
Xom
Yredelemnul
Zin
The Shining One

Annotations:
D:2 1 runed translucent door, Crazy Yiuf
D:5 exclusion: 12 gnolls


Message History

The fire elemental hits you. The fire elemental burns you! You resist.
The fire elemental hits you. The fire elemental burns you! You resist.
The deep elf pyromancer casts a spell.
The deep elf pyromancer blinks!
You shoot an arrow. The arrow hits the fire elemental.
The fire elemental is severely damaged.
The fire elemental closely misses you.
The fire elemental completely misses you.
The deep elf pyromancer gestures wildly while chanting.
The deep elf pyromancer blinks!
You shoot an arrow. The arrow hits the fire elemental.
The fire elemental is almost destroyed.
The fire elemental barely misses you. x2
You shoot an arrow.
The arrow barely misses the fire elemental.
You can read scrolls again.
The fire elemental hits you. The fire elemental burns you! You resist.
The deep elf pyromancer mumbles some strange words.
The fire elemental closely misses you.
You shoot an arrow.
The arrow closely misses the fire elemental.
The fire elemental barely misses you. The fire elemental hits you.
The fire elemental burns you! You resist.
The deep elf pyromancer casts a spell at you.
The bolt of fire hits the fire elemental.
The fire elemental completely resists.
The bolt of fire hits you. You resist.
You shoot an arrow. The arrow hits the fire elemental!!
You destroy the fire elemental!
The fire elemental disappears in a puff of smoke!
The fire elemental closely misses you. You furiously retaliate!
You headbutt the fire elemental. You shoot an arrow.
The arrow closely misses the fire elemental.
The fire elemental hits you. The fire elemental burns you! You resist.
You shoot an arrow. The arrow hits the fire elemental!
The fire elemental is heavily damaged.
The fire elemental closely misses you.
The deep elf pyromancer casts a spell at you.
The bolt of fire hits you. You resist.
You die...

*, *
######......#.########
..##~##...#...........#
###~~~##...###.######.#
* #~~0~¤##......######.#
*, >
#¤¤¤####[######.....##
**, , #~##..#'# #.###..#
* *#. ##...%## #.* #..#
### #.. , ##.....##
#.###..# .># ##..,,
##@...##* #.....##
#.#*#.##. +0E.¤#E.##.#*
###.###
#.##...##*#0....####...#
#.# ###..¤..##0..e..
##..¤..# ##.## #.##...#
##..... #...####...##
...##.##.,#+...+
#.##.......# #.#####..
##.# *######...## #.#
##.., ## ## ##.## ..#
*#. ,, * ####)#


You could see a deep elf pyromancer and 2 fire elementals.

Vanquished Creatures
  A two-headed ogre (D:7)
  Pikel (D:6)
  A wyvern (D:8)
  4 yaks (D:6)
  A fire elemental (D:8)
  3 vampire mosquitoes (D:8)
  Grum (D:8)
  A steam dragon (D:8)
  Edmund (D:6)
  2 orc warriors (D:8)
  A sky beast (D:8)
  A black bear (D:6)
  2 ice beasts
  An ogre (D:7)
  4 wolves (D:8)
  3 lemures (D:6)
  A centaur (D:7)
  3 phantoms
  A kobold brigand (D:8)
  A bullfrog (D:8)
  Blork the orc (D:6)
  2 gnoll sergeants (D:7)
  5 killer bees (D:7)
  3 quasits (D:5)
  7 hounds
  4 jellies
  A gnoll bouda (D:6)
  5 orc priests
  4 sleepcaps
  5 iguanas
  5 orc wizards
  10 adders
  23 gnolls
  3 shadow imps (D:5)
  3 white imps (D:5)
  4 ufetubi
  2 worms (D:3)
  2 dart slugs
  20 orcs
  11 bats
  12 endoplasms
  3 giant cockroaches
  12 goblins
  11 hobgoblins
  20 kobolds
  5 quokkas
  7 ball pythons
  3 frilled lizards
  5 rats
232 creatures vanquished.

Notes
Turn   | Place    | Note
-------+----------+-------------------------------------------
     0 | D:1      | qw the Minotaur Hexslinger began the quest for the Orb.
     0 | D:1      | Reached XP level 1. HP: 16/16 MP: 1/1
     0 | D:1      | 0 ||| qw: Version: 0.3-a-51-g015441d
     0 | D:1      | 0 ||| qw: Game counter: 3999
     0 | D:1      | 0 ||| qw: Melee chars always use a shield: true
     0 | D:1      | 0 ||| qw: God list: Okawaru
     0 | D:1      | 0 ||| qw: Allow faded altars: false
     0 | D:1      | 0 ||| qw: Do Orc after clearing Dungeon:15 true
     0 | D:1      | 0 ||| qw: Do second Lair branch before Depths: true
     0 | D:1      | 0 ||| qw: Lair rune preference: random
     0 | D:1      | 0 ||| qw: Goals: Normal
     0 | D:1      | 0 ||| PLANNING D:1-11
    83 | D:1      | Reached skill level 3 in Ranged Weapons
    83 | D:1      | Reached XP level 2. HP: 23/23 MP: 2/2
   318 | D:1      | Found a faded altar of an unknown god.
   366 | D:1      | 366 ||| UPGRADING to +0 ring mail.
   376 | D:1      | 376 ||| DROPPING +0 robe.
   377 | D:1      | 377 ||| UPGRADING to ring of willpower.
   378 | D:1      | 378 ||| READING scroll labelled DUAJEBUONO.
   379 | D:1      | 379 ||| DRINKING 3 purple potions.
   380 | D:1      | 380 ||| DROPPING scroll of poison.
   420 | D:2      | Identified the +3 pair of gloves of Yhowus {rPois Regen+}
   435 | D:2      | Reached XP level 3. HP: 29/29 MP: 3/3
   461 | D:2      | Found a runed translucent door.
   462 | D:2      | Noticed Crazy Yiuf
   558 | D:2      | Reached skill level 4 in Ranged Weapons
   560 | D:2      | Reached skill level 1 in Armour
   694 | D:2      | Reached XP level 4. HP: 28/36 MP: 4/4
   843 | D:2      | Reached skill level 5 in Ranged Weapons
  1089 | D:2      | 1089 ||| UPGRADING to +3 pair of gloves of Yhowus {rPois
                  | Regen+}.
  1094 | D:2      | 1094 ||| DROPPING ring of wizardry.
  1095 | D:2      | 1095 ||| READING scroll labelled RONGUCUODI.
  1195 | D:3      | Identified the ring "Miut Tusuad" {rElec rF+++ rC- MP+9}
  1208 | D:3      | Reached XP level 5. HP: 42/42 MP: 5/5
  1239 | D:3      | Reached skill level 3 in Fighting
  1328 | D:3      | 1328 ||| Stepping ~*~*~tactically~*~*~ (outnumbered).
  1331 | D:3      | 1331 ||| Stepping ~*~*~tactically~*~*~ (outnumbered).
  1396 | D:3      | Reached skill level 6 in Ranged Weapons
  1429 | D:3      | 1429 ||| UPGRADING to ring "Miut Tusuad" {rElec rF+++ rC-
                  | MP+9}.
  1569 | D:3      | Reached XP level 6. HP: 51/52 MP: 6/6
  1871 | D:3      | 1871 ||| READING scroll labelled ZAEDANGEMI.
  1872 | D:3      | 1872 ||| READING scroll labelled BOFFAYNGIA.
  1873 | D:3      | 1873 ||| READING 2 scrolls labelled BYADYM OLOLO.
  1874 | D:3      | 1874 ||| DRINKING 2 lumpy grey potions.
  1889 | D:4      | 1889 ||| PLANNING OSSUARY
  2413 | D:4      | Reached skill level 7 in Ranged Weapons
  2472 | D:4      | 2472 ||| RIP OSSUARY
  2483 | D:4      | 2483 ||| PLANNING D:1-11
  2514 | D:4      | Reached XP level 7. HP: 41/59 MP: 7/7
  2565 | D:4      | Found a stormy altar of Qazlal.
  2750 | D:4      | 2750 ||| READING 2 scrolls labelled DAJIMUHIAQA.
  2751 | D:4      | 2751 ||| DRINKING 2 clear potions.
  2752 | D:4      | 2752 ||| DRINKING 2 fuming cyan potions.
  2753 | D:4      | 2753 ||| DRINKING 2 fizzy emerald potions.
  2754 | D:4      | 2754 ||| DRINKING 2 fuming sapphire potions.
  2754 | D:4      | Gained mutation: Your body sometimes deteriorates upon
                  | taking damage. [potion of mutation]
  2754 | D:4      | Gained mutation: Potions are less effective at restoring
                  | your health. [potion of mutation]
  2755 | D:4      | 2755 ||| DRINKING potion of mutation.
  2755 | D:4      | Lost mutation: Your body sometimes deteriorates upon taking
                  | damage. [potion of mutation]
  2755 | D:4      | Lost mutation: Potions are less effective at restoring your
                  | health. [potion of mutation]
  2755 | D:4      | Gained mutation: You passively map a small area around you.
                  | [potion of mutation]
  2755 | D:4      | Gained mutation: You occasionally lose the ability to read
                  | scrolls when taking damage. [potion of mutation]
  2756 | D:4      | 2756 ||| DROPPING potion of attraction.
  2757 | D:4      | 2757 ||| DROPPING scroll of vulnerability.
  2781 | D:5      | Entered Level 5 of the Dungeon
  2905 | D:5      | Found a sparkling altar of Nemelex Xobeh.
  2941 | D:5      | Reached skill level 8 in Ranged Weapons
  2992 | D:5      | Found a staircase to the Ecumenical Temple.
  2993 | D:5      | 2993 ||| PLANNING TEMPLE
  3001 | Temple   | Entered the Ecumenical Temple
  3075 | Temple   | 3075 ||| PLANNING OKAWARU WORSHIP
  3083 | Temple   | Became a worshipper of Warmaster Okawaru
  3084 | Temple   | 3084 ||| PLANNING D:1-11
  3320 | D:5      | 3320 ||| Stepping ~*~*~tactically~*~*~ (outnumbered).
  3395 | D:5      | 3395 ||| Stepping ~*~*~tactically~*~*~ (outnumbered).
  3397 | D:5      | 3397 ||| Stepping ~*~*~tactically~*~*~ (outnumbered).
  3411 | D:5      | Found a bloodstained altar of Trog.
  3490 | D:5      | Identified the +5 trident of Pihig {flame, rC++}
  3511 | D:5      | 3511 ||| Stepping ~*~*~tactically~*~*~ (water).
  3733 | D:5      | 3733 ||| DRINKING 2 black potions.
  3734 | D:5      | 3734 ||| DROPPING potion of degeneration.
  3794 | D:6      | Reached * piety under Okawaru
  3795 | D:6      | Reached skill level 9 in Ranged Weapons
  3795 | D:6      | Reached XP level 8. HP: 68/68 MP: 8/8
  3811 | D:6      | Reached skill level 1 in Invocations
  3878 | D:6      | Noticed Blork the orc
  3879 | D:6      | 3879 ||| INVOKING Heroism.
  3894 | D:6      | Killed Blork the orc
  3938 | D:6      | Noticed Pikel
  3939 | D:6      | 3939 ||| INVOKING Heroism.
  3940 | D:6      | 3940 ||| INVOKING Heroism.
  3967 | D:6      | 3967 ||| INVOKING Heroism.
  3984 | D:6      | 3984 ||| INVOKING Heroism.
  3989 | D:6      | Killed Pikel
  4024 | D:6      | Noticed Edmund
  4025 | D:6      | 4025 ||| INVOKING Heroism.
  4040 | D:6      | Killed Edmund
  4175 | D:6      | 4175 ||| INVOKING Heroism.
  4185 | D:6      | Reached skill level 3 in Invocations
  4185 | D:6      | Reached XP level 9. HP: 82/82 MP: 10/10
  4206 | D:6      | Identified the +1 robe of the Arena {rPois rN+ Int+3}
  4351 | D:6      | Found a radiant altar of Vehumet.
  4359 | D:6      | Found a blossoming altar of Fedhas.
  4363 | D:6      | Found a sacrificial altar of Ru.
  4543 | D:6      | Found an ornate altar of the Wu Jian Council.
  4551 | D:6      | 4551 ||| INVOKING Heroism.
  4557 | D:6      | Reached skill level 3 in Dodging
  4568 | D:6      | HP: 20/82 [yak (12)]
  4569 | D:6      | 4569 ||| DRINKING 2 potions of heal wounds.
  4573 | D:6      | 4573 ||| INVOKING Heroism.
  4580 | D:6      | Reached skill level 10 in Ranged Weapons
  4623 | D:6      | 4623 ||| READING scroll labelled NIRCHA SOANUT.
  4624 | D:6      | 4624 ||| DRINKING 2 silvery potions.
  4625 | D:6      | 4625 ||| DRINKING 2 fizzy pink potions.
  4626 | D:6      | 4626 ||| READING 2 scrolls of identify.
  4626 | D:6      | 4626 ||| IDENTIFYING blue potion
  4627 | D:6      | 4627 ||| DROPPING potion of lignification.
  4628 | D:6      | 4628 ||| DROPPING potion of brilliance.
  4722 | D:7      | 4722 ||| INVOKING Heroism.
  4834 | D:7      | 4834 ||| INVOKING Heroism.
  4881 | D:7      | Found a shimmering altar of Xom.
  4928 | D:7      | 4928 ||| INVOKING Heroism.
  5001 | D:7      | Noticed a two-headed ogre
  5002 | D:7      | 5002 ||| INVOKING Heroism.
  5011 | D:7      | Reached skill level 11 in Ranged Weapons
  5030 | D:7      | 5030 ||| Stepping ~*~*~tactically~*~*~ (outnumbered).
  5032 | D:7      | HP: 12/82 [two-headed ogre/+0 giant club (20)]
  5032 | D:7      | HP: 3/82 [two-headed ogre/+0 giant club (9)]
  5033 | D:7      | 5033 ||| READING scroll of teleportation.
  5034 | D:7      | 5034 ||| DRINKING potion of heal wounds.
  5035 | D:7      | 5035 ||| INVOKING Heroism.
  5144 | D:7      | 5144 ||| INVOKING Heroism.
  5158 | D:7      | Killed a two-headed ogre
  5190 | D:7      | 5190 ||| INVOKING Heroism.
  5235 | D:7      | 5235 ||| Stepping ~*~*~tactically~*~*~ (outnumbered).
  5237 | D:7      | 5237 ||| Stepping ~*~*~tactically~*~*~ (outnumbered).
  5247 | D:7      | 5247 ||| INVOKING Heroism.
  5249 | D:7      | Reached XP level 10. HP: 52/90 MP: 12/12
  5404 | D:7      | 5404 ||| INVOKING Heroism.
  5409 | D:7      | HP: 21/90 [gnoll/+0 spear[a gnoll sergeant] (7)]
  5412 | D:7      | HP: 6/90 [gnoll sergeant/+0 trident of venom (14)]
  5413 | D:7      | HP: 1/90 [gnoll/+0 spear[a gnoll sergeant] (6)]
  5513 | D:7      | 5513 ||| INVOKING Heroism.
  5572 | D:7      | 5572 ||| SWAPPING to +0 orcbow.
  5573 | D:7      | 5573 ||| DROPPING +2 sling.
  5599 | D:7      | Found a basalt altar of Yredelemnul.
  5912 | D:8      | 5912 ||| INVOKING Heroism.
  5968 | D:8      | Found a snail-covered altar of Cheibriados.
  6018 | D:8      | Reached skill level 12 in Ranged Weapons
  6021 | D:8      | 6021 ||| INVOKING Heroism.
  6116 | D:8      | 6116 ||| INVOKING Heroism.
  6254 | D:8      | Found a broken altar of Ashenzari.
  6585 | D:8      | 6585 ||| INVOKING Heroism.
  6675 | D:8      | Noticed Grum
  6676 | D:8      | 6676 ||| Stepping ~*~*~tactically~*~*~ (outnumbered).
  6682 | D:8      | 6682 ||| INVOKING Heroism.
  6696 | D:8      | Killed Grum
  6697 | D:8      | Reached skill level 13 in Ranged Weapons
  6769 | D:8      | 6769 ||| INVOKING Heroism.
  6775 | D:8      | Reached skill level 9 in Fighting
  6786 | D:8      | Noticed a deep elf pyromancer
  6797 | D:8      | 6797 ||| INVOKING Heroism.
  6805 | D:8      | HP: 22/91 [fire elemental[a deep elf pyromancer] (2)]
  6809 | D:8      | HP: 10/91 [fire elemental[a deep elf pyromancer] (1)]
  6814 | D:8      | HP: 7/91 [fire elemental[a deep elf pyromancer] (1)]
  6819 | D:8      | HP: 6/91 [fire elemental[a deep elf pyromancer] (2)]
  6820 | D:8      | HP: 1/91 [deep elf pyromancer/bolt of fire (5)]
  6823 | D:8      | Killed from afar by a deep elf pyromancer

Levels and vault maps discovered:
D:1:      nagdon_arrival_zigzag_paths, layout_rooms,
          hellmonk_ecumenical_altar_heavens_door
D:2:      layout_rooms, nicolae_half_adder, uniq_crazy_yiuf_cottage
D:3:      cheibrodos_fertilizer, layout_basic, nicolae_twisty_statue_hallways
D:4:      layout_loops_cross, lemuel_round_altar,
          nicolae_ossuary_entry_monument, nicolae_hexahallways,
          kennysheep_generic_room_4
D:5:      layout_loops_ring, trog_hazing_becter, nemelex_spade_bored_becter,
          lemuel_temple_firewalk_a, serial_demonic, serial_demonic_a,
          serial_demonic_g, serial_demonic_a, serial_demonic_e,
          serial_demonic_f, chequers_serial_rivers_micro_c
D:6:      layout_loops_cross, nicolae_wu_jian_immortal_techniques, minitemple,
          uniq_edmund, uniq_pikel, uniq_blork_the_orc
D:7:      layout_basic, xom_teletrap_fun, lemuel_doored_altar
D:8:      layout_loops_corners, lemuel_tele_altar, nicolae_ashenzari_skybound,
          dilly_guarded_unrand_elemental_staff, uniq_grum
Temple:   jpeg_temple_clearing

Skill      XL: |  1  2  3  4  5  6  7  8  9 10 |
---------------+-------------------------------+-----
Ranged Weapons | 3 4 5 6 7 9 11 13 | 13.0
Fighting       | 2 3 4 5 8 9 |  9.0
Armour         | 1 2 5 |  5.7
Invocations    | 3 4 |  4.0
Dodging        | 4 |  4.5
Spellcasting   | |  1.0
Hexes          | |  2.0

Action                     |  1- 3 |  4- 6 |  7- 9 | 10-12 || total
---------------------------+-------+-------+-------+-------++-------
   Fire: Sling             |   111 |   276 |   476 |    62 ||   925
         Orcbow            |       |       |       |   187 ||   187
 Invoke: Heroism           |       |       |    16 |     9 ||    25
    Use: Scroll            |     1 |     4 |     4 |       ||     9
         Potion            |     1 |     1 |    10 |       ||    12
 Armour: Robe              |     6 |       |       |       ||     6
         Ring mail         |    16 |    68 |   141 |    98 ||   323
  Dodge: Dodged            |    44 |   105 |   250 |   142 ||   541

Table legend:
 A = Non-vault XP
 B = Vault XP
 C = Vault XP percentage of total XP
 D = Non-vault monster count
 E = Vault monster count
 F = Vault count percentage of total count
                 A         B        C        D         E       F
            +---------+---------+-------+---------+---------+-------
      Total |    6109 |    2345 |  27.7 |     184 |      45 |  19.7
            +---------+---------+-------+---------+---------+-------
        D:1 |      31 |       0 |   0.0 |      18 |       0 |   0.0
        D:2 |     103 |      41 |  28.5 |      22 |       3 |  12.0
        D:3 |     116 |     108 |  48.2 |      24 |      15 |  38.5
        D:4 |     359 |      51 |  12.4 |      28 |       2 |   6.7
        D:5 |     365 |     204 |  35.9 |      14 |      15 |  51.7
        D:6 |    1465 |     931 |  38.9 |      17 |       3 |  15.0
        D:7 |    2184 |       0 |   0.0 |      39 |       0 |   0.0
        D:8 |    1486 |    1010 |  40.5 |      22 |       7 |  24.1
            +---------+---------+-------+---------+---------+-------
